 Dungeon Crawl Stone Soup version 0.19.1 (webtiles) character file.

7216 aspy the Destroyer (level 11, -2/92 HPs)
             Began as a Naga Earth Elementalist on Dec 16, 2016.
             Was a Priest of Vehumet.
             Slain by a black mamba (7 damage)
             ... on level 1 of the Lair of Beasts on Dec 17, 2016.
             The game lasted 01:57:17 (8543 turns).

aspy the Destroyer (Naga Earth Elementalist)        Turns: 8543, Time: 01:57:18

Health: -2/92      AC: 12    Str: 11    XL:     11   Next: 11%
Magic:  3/19       EV:  9    Int: 18    God:    Vehumet [***...]
Gold:   509        SH:  0    Dex: 12    Spells: 5 memorised, 1 level left

rFire  + . .     SeeInvis +     b - +1 mace (protect)
rCold  . . .     Gourm    .     B - +0 troll leather armour {Purgy}
rNeg   . . .     Faith    .     (no shield)
rPois  +         Spirit   .     (no helmet)
rElec  .         Reflect  .     L - +0 cloak
rCorr  .         Harm     .     (no gloves)
MR     +....                    t - +2 naga barding
Stlth  +++.......               (no amulet)
                                (no ring)
                                o - ring of protection from fire

@: very slow
A: see invisible, deformed body, poison resistance, slowness 2, slow metabolism
1, spit poison 1, AC +3
a: Spit Poison, Renounce Religion


You were on level 1 of the Lair of Beasts.
You worshipped Vehumet.
Vehumet was most pleased with you.
You were not hungry.

You visited 2 branches of the dungeon, and saw 10 of its levels.
You also visited: Sewer.

You collected 509 gold pieces.

Inventory:

Hand Weapons
 b - a +1 mace of protection (weapon)
Missiles
 m - 25 tomahawks (quivered)
Armour
 t - a +2 naga barding (worn)
 B - a +0 troll leather armour (worn) {Purgy}
 L - a +0 cloak (worn)
Magical Staves
 a - an uncursed staff of wizardry
Jewellery
 o - a ring of protection from fire (left hand)
 y - an uncursed ring of ice
Wands
 f - a wand of iceblast (0/15)
 u - a wand of iceblast (12/15)
 G - a wand of teleportation (4/9)
 N - a wand of acid (0/15)
 U - a wand of random effects (28/48)
 V - a wand of polymorph (10/24)
Scrolls
 c - a scroll of fear
 h - 4 scrolls of remove curse
 j - 3 scrolls of amnesia
 s - 2 scrolls of enchant weapon
 E - 4 scrolls of teleportation
 F - 2 scrolls of recharging
 H - a scroll of silence {unknown}
 I - a scroll of enchant armour {unknown}
 J - a scroll of immolation {unknown}
 T - a scroll of fog {unknown}
Potions
 k - a potion of mutation
 l - 3 potions of curing
 w - 4 potions of lignification
 x - a potion of haste
 z - a potion of cancellation
 A - 2 potions of might
 C - a potion of agility
 D - a potion of flight
 R - a potion of ambrosia {unknown}
Books
 e - a book of Geomancy

   Spells                             Type                      Level
   a - Sandblast                      Earth                        1
   b - Passwall                       Transmutation/Earth          2
   c - Stone Arrow                    Conjuration/Earth            3
   d - Petrify                        Transmutation/Earth          4
   e - Lee's Rapid Deconstruction     Earth                        5
 q - a book of the Dragon

   Spells                             Type                      Level
   a - Flame Tongue                   Conjuration/Fire             1
   b - Cause Fear                     Hexes                        4
   c - Bolt of Fire                   Conjuration/Fire             6
   d - Dragon Form                    Transmutation                7
   e - Dragon's Call                  Summoning                    9
 v - a book of Misfortune

   Spells                             Type                      Level
   a - Confusing Touch                Hexes                        1
   b - Confuse                        Hexes                        3
   c - Gell's Gravitas                Hexes/Translocation          3
   d - Petrify                        Transmutation/Earth          4
   e - Metabolic Englaciation         Hexes/Ice                    5
   f - Yara's Violent Unravelling     Hexes/Transmutation          5
 O - a book of Beasts

   Spells                             Type                      Level
   a - Summon Butterflies             Summoning                    1
   b - Call Canine Familiar           Summoning                    3
   c - Summon Ice Beast               Ice/Summoning                4
   d - Summon Mana Viper              Hexes/Summoning              5
   e - Summon Hydra                   Summoning                    7
Comestibles
 d - 7 bread rations
 g - 3 meat rations
 n - 7 chunks of flesh
 p - 28 fruits
 r - 4 beef jerkies
 M - a slice of pizza


   Skills:
 - Level 4.0 Fighting
 + Level 5.4 Dodging
 - Level 5.3 Stealth
 - Level 5.5 Spellcasting
 - Level 9.2 Conjurations
 - Level 1.0 Transmutations
 * Level 5.0 Fire Magic
 - Level 9.1 Earth Magic


You had one spell level left.
You knew the following spells:

 Your Spells              Type           Power        Failure   Level  Hunger
a - Sticky Flame          Conj/Fire      ####....     3%          4    ####...
b - Bolt of Fire          Conj/Fire      ####......   63%         6    #######
d - Lee's Rapid Deconstr  Erth           #####.....   3%          5    ######.
p - Passwall              Tmut/Erth      ###.......   3%          2    #......
z - Stone Arrow           Conj/Erth      #####.       1%          3    ##.....


Dungeon Overview and Level Annotations

Branches:
Dungeon (9/15)             Temple (0/1) D:7            Lair (1/6) D:9
    Orc: D:9-12

Altars:
Ashenzari
Fedhas
Hepliaklqana
Nemelex Xobeh
Okawaru
Sif Muna
Trog
Uskayaw
Vehumet
Xom
Yredelemnul
The Shining One

Annotations:
D:4 exclusions: gnoll and orc wizard, Scuka's ghost, amateur GrEE
D:5 exclusion: upstairs, Eustachio


Innate Abilities, Weirdness & Mutations

You cannot wear boots.
Your serpentine skin is tough. (AC +3)
You have supernaturally acute eyesight. (SInv)
Armour fits poorly on your strangely shaped body.
Your system is resistant to poisons. (rPois)
You cover ground very slowly.
You have a slow metabolism.
You can spit poison.


Message History

You are more poisoned.
The black mamba poisons you!
You feel better. The black mamba closely misses you.
You hit the black mamba.
Your weapon exudes an aura of protection.
The black mamba is heavily wounded.
The black mamba bites you!
* * * LOW HITPOINT WARNING * * *
The black mamba bites you!
* * * LOW HITPOINT WARNING * * *
The black mamba closely misses you.
Your troll leather armour prevents you from hitting the black mamba.
The black mamba is heavily wounded.
The black mamba bites you!
* * * LOW HITPOINT WARNING * * *
The black mamba barely misses you. The black mamba bites you!
* * * LOW HITPOINT WARNING * * *
The black mamba bites you!
You die...

... +.... ... #....
.. #.... ##.# #....
##.. ##.... #..#
#.#'## #.# ##..#
###S## #(## #..@.##
###'### #..##.##
#....). #......#
#...... #......###
###......
#...[....###†.......
#.∩.....†††..#......
#......#.###########
#>.....### ########


You could see a black mamba.

Vanquished Creatures
  Harold (Lair:1)
  Erica (D:8)
  A black mamba (Lair:1)
  A rime drake (Lair:1)
  A spiny frog (Lair:1)
  3 blink frogs (Lair:1)
  A hippogriff (D:7)
  5 yaks (Lair:1)
  Edmund (D:5)
  A water moccasin (Lair:1)
  A porcupine (Lair:1)
  2 sky beasts
  Purgy (Sewer)
  3 ogres
  An orc warrior (D:8)
  3 ice beasts
  A black bear (D:7)
  2 phantoms
  A centaur (D:7)
  3 wolves (Lair:1)
  2 crocodiles (Lair:1)
  6 bullfrogs
  3 scorpions
  A bullfrog zombie (D:5)
  2 crimson imps (D:5)
  A quasit (D:8)
  2 jellies
  2 bullfrog skeletons
  5 orc priests
  A gnoll shaman (D:4)
  4 orc wizards
  6 iguanas
  3 worker ants
  A hound skeleton (D:4)
  A worker ant zombie (D:6)
  10 adders
  11 gnolls
  An ooze (D:3)
  An adder zombie (D:6)
  2 worms
  A dart slug (D:3)
  5 leopard geckos
  11 orcs
  10 giant cockroaches
  19 hobgoblins
  7 jackals
  4 quokkas
  A ball python (D:1)
  9 bats
  5 frilled lizards
  20 goblins
  19 kobolds
  A leopard gecko skeleton (D:7)
  A quokka zombie (D:5)
  8 rats
  A fungus (D:9)
221 creatures vanquished.

Vanquished Creatures (others)
  A hound (D:5)
  2 adders (D:5)
3 creatures vanquished.

Grand Total: 224 creatures vanquished

Notes
Turn   | Place    | Note
-------+----------+-------------------------------------------
     0 | D:1      | aspy the Naga Earth Elementalist began the quest for the Orb.
     0 | D:1      | Reached XP level 1. HP: 15/15 MP: 3/3
   376 | D:1      | Reached XP level 2. HP: 22/22 MP: 1/5
   519 | D:1      | Learned a level 2 spell: Passwall
  1034 | D:2      | Reached XP level 3. HP: 22/28 MP: 2/6
  1366 | D:2      | Reached XP level 4. HP: 34/36 MP: 2/8
  1418 | D:1      | Learned a level 3 spell: Stone Arrow
  1601 | D:2      | Found a bloodstained altar of Trog.
  1606 | D:2      | Found a radiant altar of Vehumet.
  1623 | D:2      | Became a worshipper of Vehumet
  1725 | D:2      | Reached skill level 1 in Conjurations
  1916 | D:2      | Found a hazy altar of Hepliaklqana.
  2126 | D:3      | Found a sparkling altar of Nemelex Xobeh.
  2221 | D:3      | Found an iron altar of Okawaru.
  2282 | D:3      | Reached XP level 5. HP: 42/42 MP: 6/9
  2388 | D:3      | Found a blossoming altar of Fedhas.
  2388 | D:3      | Found a faded altar of an unknown god.
  2396 | D:3      | Found a faded altar of an unknown god.
  2398 | D:3      | Found a faded altar of an unknown god.
  2399 | D:3      | Found a faded altar of an unknown god.
  2801 | D:3      | Reached * piety under Vehumet
  2801 | D:3      | Offered knowledge of Freeze by Vehumet.
  3084 | D:4      | Noticed Scuka's ghost (amateur GrEE)
  3194 | D:4      | Reached XP level 6. HP: 49/49 MP: 7/11
  3630 | D:4      | Reached XP level 7. HP: 53/55 MP: 8/13
  3640 | D:5      | Entered Level 5 of the Dungeon
  3881 | D:5      | Found a glowing drain.
  3907 | Sewer    | Entered a sewer
  3925 | Sewer    | Noticed Purgy
  3941 | Sewer    | Killed Purgy
  3941 | Sewer    | Reached skill level 5 in Earth Magic
  4260 | D:5      | Noticed Edmund
  4278 | D:5      | Killed Edmund
  4278 | D:5      | Reached XP level 8. HP: 62/62 MP: 2/14
  4321 | D:5      | Learned a level 5 spell: Lee's Rapid Deconstruction
  4449 | D:5      | Noticed Eustachio
  4625 | D:5      | Found a deep blue altar of Sif Muna.
  4634 | D:5      | Found a shimmering altar of Xom.
  4890 | D:5      | Reached ** piety under Vehumet
  4890 | D:5      | Offered knowledge of Throw Frost by Vehumet.
  5205 | D:6      | Found a glowing golden altar of the Shining One.
  5287 | D:6      | Found a hide-covered altar of Uskayaw.
  5482 | D:6      | Reached skill level 5 in Spellcasting
  5806 | D:7      | Reached XP level 9. HP: 68/68 MP: 12/16
  6157 | D:7      | Offered knowledge of Static Discharge by Vehumet.
  6312 | D:7      | Reached *** piety under Vehumet
  6513 | D:7      | Found a staircase to the Ecumenical Temple.
  6672 | D:6      | Found a shattered altar of Ashenzari.
  7011 | D:8      | Noticed Erica
  7070 | D:8      | Killed Erica
  7285 | D:8      | Reached XP level 10. HP: 77/84 MP: 7/18
  7404 | D:8      | Found a basalt altar of Yredelemnul.
  7972 | D:9      | Found a staircase to the Lair.
  8002 | Lair:1   | Entered Level 1 of the Lair of Beasts
  8060 | Lair:1   | Offered knowledge of Sticky Flame by Vehumet.
  8063 | Lair:1   | Reached skill level 5 in Stealth
  8082 | Lair:1   | Noticed a spiny frog
  8150 | Lair:1   | Killed a spiny frog
  8257 | Lair:1   | Noticed a black mamba
  8266 | Lair:1   | Killed a black mamba
  8337 | Lair:1   | Learned a level 4 spell: Sticky Flame
  8405 | Lair:1   | Learned a level 6 spell: Bolt of Fire
  8430 | Lair:1   | Reached skill level 5 in Dodging
  8432 | Lair:1   | Reached XP level 11. HP: 65/92 MP: 4/19
  8434 | Lair:1   | Noticed Harold
  8502 | Lair:1   | Killed Harold
  8502 | Lair:1   | Reached skill level 5 in Fire Magic
  8543 | Lair:1   | Slain by a black mamba

Skill      XL: |  1  2  3  4  5  6  7  8  9 10 11 |
---------------+----------------------------------+-----
Earth Magic    | 4 5 8 9 |  9.1
Conjurations   | 1 3 4 6 9 |  9.2
Spellcasting   | 3 4 5 |  5.5
Dodging        | 2 3 4 5 |  5.4
Fighting       | 3 4 |  4.0
Stealth        | 5 |  5.3
Fire Magic     | 3 5 |  5.0
Transmutations | |  1.0

Action                   |  1- 3 |  4- 6 |  7- 9 | 10-12 || total
-------------------------+-------+-------+-------+-------++-------
Melee: Short sword       |    26 |       |     2 |       ||    28
       Mace              |       |       |    27 |    46 ||    73
       Staff             |       |       |       |     3 ||     3
 Fire: Hunting sling     |       |       |    56 |       ||    56
Throw: Tomahawk          |       |     8 |    31 |     6 ||    45
 Cast: Sandblast         |    50 |    83 |    53 |       ||   186
       Passwall          |     2 |     6 |     3 |     2 ||    13
       Stone Arrow       |       |     1 |    94 |    43 ||   138
       Lee's Rapid Decon |       |       |     7 |    12 ||    19
       Sticky Flame      |       |       |       |     1 ||     1
 Abil: Spit Poison       |     3 |    28 |    32 |    10 ||    73
Evoke: Wand              |       |       |     2 |     7 ||     9
  Use: Scroll            |       |     8 |    12 |     2 ||    22
       Potion            |       |       |     2 |     5 ||     7
 Stab: Sleeping          |     1 |       |       |       ||     1
  Eat: Chunk             |     1 |     8 |    14 |     1 ||    24
       Bread ration      |       |       |     1 |       ||     1
       Meat ration       |       |       |     1 |     1 ||     2
Armor: Robe              |    23 |    14 |    11 |       ||    48
       Troll leather arm |       |       |    65 |    44 ||   109
Dodge: Dodged            |    46 |    14 |    63 |    46 ||   169
